 Seeded DCSS version 0.27.1-1-g398f81649c (webtiles) character file.

Game seed: 8650037705161354620 (custom seed)

158796 oldmanjim the Brawler (level 17, -11/166 HPs)
             Began as a Troll Monk on Sept 9, 2021.
             Was the Champion of Okawaru.
             Mangled by an eight-headed hydra (18 damage)
             ... called by a spriggan druid
             ... on level 4 of the Swamp on Sept 10, 2021.
             The game lasted 03:16:35 (25909 turns).

oldmanjim the Brawler (Troll Monk)                 Turns: 25909, Time: 03:16:37

Health: -11/166    AC: 25    Str: 33    XL:     17   Next: 15%
Magic:  23/23      EV:  9    Int:  8    God:    Okawaru [******]
Gold:   2286       SH: 26    Dex: 12    Spells: 12/16 levels left

rFire    x . .     SeeInvis +     - Unarmed
rCold    + + .     Faith    .   b - +4 tower shield {rPois}
rNeg     . . .     Spirit   .   Y - +3 ice dragon scales of the Big Bang {rF- rC++ Will+}
rPois    +         Reflect  .   C - +2 hat "Xuoptyih" {Will+}
rElec    .         Harm     .   F - +2 cloak {Will+}
rCorr    .         Rampage  .   (gloves unavailable)
Will     ++++.                  (boots unavailable)
Stlth    ..........             u - amulet of regeneration
HPRegen  2.37/turn              V - ring "Wacawko" {rPois Str+7 SInv}
MPRegen  0.18/turn              p - +4 ring of protection

@: about to teleport, very slow
A: large, unfitting armour, claws 3, regeneration 1, shaggy fur 1, tough skin 1
a: Renounce Religion, Heroism, Finesse


You were on level 4 of the Swamp.
You worshipped Okawaru.
Okawaru was exalted by your worship.
You visited 5 branches of the dungeon, and saw 28 of its levels.
You also visited: Gauntlet.

You collected 2878 gold pieces.
You spent 592 gold pieces at shops.

Inventory:

Hand Weapons
 a - a +7 hand crossbow of freezing
Missiles
 h - 18 atropa-tipped darts
 l - 8 silver javelins
 o - 297 bolts
 y - 63 large rocks (quivered)
 D - 6 throwing nets
 M - 5 curare-tipped darts
 S - 7 datura-tipped darts
 X - 15 javelins
Armour
 b - a +4 tower shield of poison resistance (worn)
 f - +0 gold dragon scales
 C - the +2 hat "Xuoptyih" (worn) {Will+}
   (You acquired it on level 13 of the Dungeon)

   Will:      It increases your willpower.
 F - a +2 cloak of willpower (worn)
 Y - the +3 ice dragon scales of the Big Bang (worn) {rF- rC++ Will+}
   (You found it on level 11 of the Dungeon)

   rF:        It makes you vulnerable to fire.
   rC:        It greatly protects you from cold.
   Will:      It increases your willpower.
Jewellery
 p - a +4 ring of protection (right claw)
 u - an amulet of regeneration (around neck)
 w - an amulet of reflection
 x - a ring of positive energy
 A - the ring "Niucaiqe" {rC+ rCorr MP-9 Stlth+}
   (You found it in a Gauntlet)

   [ring of protection from cold]

   rC:        It protects you from cold.
   MP:        It affects your magic capacity (-9).
   rCorr:     It protects you from acid and corrosion.
   Stlth:     It makes you more stealthy.
 V - the ring "Wacawko" (left claw) {rPois Str+7 SInv}
   (You found it in a Gauntlet)

   [ring of poison resistance]

   Str:       It affects your strength (+7).
   rPois:     It protects you from poison.
   SInv:      It lets you see invisible.
Wands
 s - a wand of mindburst (8)
 E - a wand of digging (5)
 I - a wand of iceblast (36)
 L - a wand of paralysis (10)
 Q - a wand of acid (41)
 T - a wand of flame (40)
Scrolls
 d - 6 scrolls of teleportation
 g - 3 scrolls of summoning
 i - 3 scrolls of holy word
 n - 4 scrolls of magic mapping
 B - 6 scrolls of fear
 K - 5 scrolls of blinking
 P - 8 scrolls of fog
 R - 3 scrolls of silence
 U - 5 scrolls of identify
Potions
 c - 3 potions of brilliance
 e - 3 potions of mutation
 j - 4 potions of cancellation
 k - 2 potions of heal wounds
 m - 10 potions of curing
 q - 4 potions of lignification
 r - 3 potions of magic
 z - 7 potions of haste
 H - 3 potions of resistance
 J - 5 potions of might
 N - 2 potions of ambrosia
 O - 5 potions of invisibility
 W - 3 potions of flight
Miscellaneous
 t - a phial of floods
 v - a lightning rod (4/4)
 Z - a box of beasts


   Skills:
 - Level 10.0 Fighting
 - Level 6.0 Throwing
 + Level 5.0 Armour
 + Level 5.0 Dodging
 - Level 2.0 Stealth
 * Level 14.7 Shields
 + Level 17.0 Unarmed Combat
 - Level 7.0 Poison Magic
 - Level 10.0 Invocations
 - Level 3.0 Evocations


You had 12 spell levels left.
You knew the following spells:

 Your Spells              Type           Power      Damage    Failure   Level
a - Olgreb's Toxic Radia  Pois           11%        N/A       50%         4

Your spell library contained the following spells:

 Spells                   Type           Power      Damage    Failure   Level
 Sting                    Tmut/Pois      20%        1d4       24%         1
 Poisonous Vapours        Pois/Air       10%        N/A       34%         2
 Spider Form              Tmut/Pois      2%         N/A       56%         3
 Ignite Poison            Fire/Tmut/Pois 3%         N/A       75%         3
 Mephitic Cloud           Conj/Pois/Air  3%         N/A       75%         3
 Blink                    Tloc           N/A        N/A       83%         2
 Ensorcelled Hibernation  Hex/Ice        0%         N/A       83%         2
 Slow                     Hex            0%         N/A       83%         2
 Static Discharge         Conj/Air       0%         N/A       83%         2
 Confusing Touch          Hex            0%         N/A       96%         3
 Gell's Gravitas          Tloc           0%         N/A       96%         3
 Inner Flame              Hex/Fire       0%         N/A       96%         3
 Portal Projectile        Hex/Tloc       0%         N/A       96%         3
 Summon Guardian Golem    Hex/Summ       0%         N/A       96%         3
 Teleport Other           Tloc           0%         N/A       96%         3
 Vampiric Draining        Necr           0%         2d6       96%         3
 Cause Fear               Hex            0%         N/A       100%        4
 Summon Lightning Spire   Summ/Air       0%         N/A       100%        4
 Blade Hands              Tmut           0%         N/A       100%        5
 Bolt of Magma            Conj/Fire/Erth 0%         4d4       100%        5
 Excruciating Wounds      Necr           0%         N/A       100%        5
 Freezing Cloud           Conj/Ice/Air   0%         6-21      100%        5
 Manifold Assault         Tloc           0%         N/A       100%        5
 Dispersal                Tloc           0%         N/A       100%        6
 Shadow Creatures         Summ           N/A        N/A       100%        6
 Simulacrum               Ice/Necr       0%         N/A       100%        6
 Malign Gateway           Summ/Tloc      0%         N/A       100%        7
 Orb of Destruction       Conj           0%         N/A       100%        7
 Spellforged Servitor     Conj/Summ      0%         N/A       100%        7
 Discord                  Hex            0%         N/A       100%        8
 Ignition                 Fire           0%         3d3       100%        8
 Summon Horrible Things   Summ           0%         N/A       100%        8
 Polar Vortex             Ice            0%         N/A       100%        9


Dungeon Overview and Level Annotations

Branches:
Dungeon (15/15)            Temple (1/1) D:5            Lair (6/6) D:8
  Swamp (4/4) Lair:2        Snake (0/4) Lair:4        Slime (0/5) Lair:5
    Orc (2/2) D:12            Elf (0/3) Orc:2        Vaults (0/5) D:13
 Depths (0/5) D:15        Gauntlet (visited)

Altars:
Ashenzari
Cheibriados
Dithmenos
Elyvilon
Fedhas
Gozag
Hepliaklqana
Kikubaaqudgha
Makhleb
Nemelex Xobeh
Okawaru
Qazlal
Ru
Sif Muna
Trog
Uskayaw
Vehumet
Wu Jian
Xom
Yredelemnul
Zin
The Shining One
Beogh
Lugonu

Shops:
D:3 ?   Orc:1 *   Orc:2 :!?(

Portals:
Abyss: Lair:6

Annotations:
D:2 1 runed translucent door, exclusion: door, Crazy Yiuf


Innate Abilities, Weirdness & Mutations

You are too large for most types of armour.
You have claws for hands.
Your natural rate of healing is unusually fast.
You are covered in fur. (AC +1)
You have tough skin. (AC +1)


Message History

* * * LOW HITPOINT WARNING * * *
The eight-headed hydra bites you!
* * * LOW HITPOINT WARNING * * *
You block the eight-headed hydra's attack.
The eight-headed hydra bites you.
* * * LOW HITPOINT WARNING * * *
The eight-headed hydra bites you but does no damage. x2
The eight-headed hydra bites you.
* * * LOW HITPOINT WARNING * * *
The eight-headed hydra bites you but does no damage.
You mangle the spriggan druid!!
With its final breath, the spriggan druid offers up its power to the beasts of the wild!
The tyrant leech is healed.
The tyrant leech seems to grow more fierce.
The seven-headed hydra seems to grow more fierce.
The eight-headed hydra seems to grow more fierce.
You kill the spriggan druid!
Okawaru accepts your kill.
You hear a splash. x2
The forest abruptly stops moving.
You block the seven-headed hydra's attack. x2
The seven-headed hydra bites you but does no damage.
The seven-headed hydra bites you!!
* * * LOW HITPOINT WARNING * * *
The seven-headed hydra bites you but does no damage.
You block the seven-headed hydra's attack. x2
You enter the shallow water.
Moving in this stuff is going to be slow.
You block the tyrant leech's attack.
The eight-headed hydra bites you but does no damage.
You block the eight-headed hydra's attack.
The eight-headed hydra bites you!
* * * LOW HITPOINT WARNING * * *
You block the eight-headed hydra's attack.
The eight-headed hydra bites you.
* * * LOW HITPOINT WARNING * * *
The eight-headed hydra bites you.
* * * LOW HITPOINT WARNING * * *
The eight-headed hydra bites you!!
You die...

♣♣♣ ♣♣..♣♣♣ ≈#≈. ≈
♣♣♣.≈..≈♣♣ ≈.... ≈§
.≈≈≈≈≈≈.≈♣♣ .≈≈≈♣ ≈≈≈
≈≈≈≈≈≈≈§.♣♣♣.≈≈≈ §≈≈≈
≈≈≈..≈≈≈.♣≈.≈≈♣
≈≈§≈(♣♣♣♣♣♣.≈≈≈....≈≈♣♣
≈≈≈≈≈...≈..≈≈......≈≈≈♣
.≈≈≈..(@D≈§≈†.≈....≈≈≈♣♣
≈≈≈.≈≈(wD.....♣♣...≈≈≈≈♣
≈≈≈.≈...♣♣♣♣♣♣♣♣♣♣.≈≈§≈♣
.≈≈...♣♣♣ ♣♣♣≈≈≈≈.♣♣
♣≈≈≈§♣ ♣..≈≈≈♣♣♣ ♣♣♣♣♣
♣♣..≈≈≈≈♣♣ ♣♣≈♣.≈≈≈.§♣♣
♣♣♣≈♣≈≈.≈≈≈≈≈♣
♣♣...†....≈≈≈♣♣


You could see an eight-headed hydra (strong), a seven-headed hydra (strong) and
a tyrant leech (strong).

Vanquished Creatures
  Nikola (Swamp:3)
  Jorgrun (Orc:1)
  Rupert (D:13)
  2 orc warlords
  Louise (Swamp:3)
  A stone giant (Orc:2)
  A very ugly thing (D:14)
  2 bunyips
  A minotaur (Gauntlet)
  2 shambling mangroves
  2 eleionomae (Swamp:2)
  An ettin (D:15)
  8 vault guards (D:13)
  Harold (Orc:1)
  5 boulder beetles
  15 hydras
  A death knight (D:13)
  A catoblepas (Lair:5)
  Erica (D:10)
  2 ogre magi (Orc:2)
  10 two-headed ogres
  5 centaur warriors
  The ghost of aster the Cleaver, a novice HOFi of Qazlal (Lair:1)
  13 alligators
  2 death yaks (Lair:6)
  Urug (D:11)
  A spriggan berserker (Swamp:1)
  2 thrashing horrors (Lair:6)
  Sonja (D:12)
  A sixfirhy (Gauntlet)
  3 deep trolls
  A fire crab (Lair:6)
  2 spriggan druids
  3 swamp dragons
  2 goliath frogs (Swamp:1)
  A death drake (Swamp:2)
  9 large abominations
  2 wizards
  2 bog bodies
  2 deep elf pyromancers
  Pikel (D:6)
  A deep elf zephyrmancer (D:15)
  A necromancer (D:15)
  2 orc sorcerers
  An oklob plant (Lair:2)
  An orc knight (D:15)
  A will-o-the-wisp (Swamp:1)
  13 ugly things
  A glowing shapeshifter (Orc:1)
  3 manticores
  11 cyclopes
  9 elephants
  A black mamba (shapeshifter) (D:14)
  16 black mambas
  A torpor snail (Lair:6)
  An eye of devastation (Lair:5)
  2 gargoyles (D:13)
  3 smoke demons (Lair:6)
  12 cane toads
  An unseen horror (D:12)
  14 komodo dragons
  4 yaktaurs (D:15)
  2 freezing wraiths
  A tengu conjurer (D:14)
  A yaktaur (shapeshifter) (Lair:6)
  3 ancient zymes (Lair:6)
  3 meliai (D:13)
  A polar bear (Lair:3)
  A bloated husk (Swamp:3)
  5 tyrant leeches
  9 trolls
  11 hornets
  A hornet (shapeshifter) (D:15)
  31 blink frogs
  Grinder (D:3)
  17 slime creatures
  18 small abominations
  A ynoxinul (Lair:6)
  Sigmund (D:5)
  3 wraiths
  A shadow (D:12)
  8 spriggans
  3 wyverns
  49 yaks
  9 basilisks
  7 vampire mosquitoes
  A steam dragon (D:9)
  A chaos spawn (Lair:6)
  7 wargs
  Menkaure (D:6)
  2 acid dragons
  18 swamp worms
  27 water moccasins
  A floating eye (Lair:5)
  Duvessa (D:5)
  A swamp drake (Swamp:2)
  A hornet zombie (D:8)
  6 black bears
  20 orc warriors
  2 sky beasts
  An ice beast (D:6)
  22 wolves
  24 ogres
  4 centaurs
  4 lemures
  A phantom (D:7)
  4 kobold brigands
  6 bullfrogs
  Dowan (D:5)
  20 killer bees
  A water moccasin skeleton (D:6)
  7 wights
  5 howler monkeys
  5 centaur zombies
  3 bullfrog zombies
  6 hounds
  4 jellies
  2 centaur skeletons (D:5)
  15 orc priests
  2 bullfrog skeletons (D:7)
  17 orc wizards
  Terence (D:3)
  4 iguanas
  3 hound skeletons
  A howler monkey zombie (D:11)
  Robin (D:3)
  10 gnolls
  2 howler monkey skeletons
  11 adders
  A white imp (D:3)
  2 ufetubi (Gauntlet)
  2 worms
  A dart slug (D:4)
  69 orcs
  5 ball pythons
  6 bats
  4 endoplasms
  3 giant cockroaches
  18 goblins
  7 hobgoblins
  4 jackals (D:4)
  13 kobolds
  2 quokkas (D:1)
  A frilled lizard (D:1)
  3 rats
818 creatures vanquished.

Vanquished Creatures (others)
  A bog body (Swamp:3)
  A deep elf pyromancer (D:12)
  A bloated husk (Swamp:1)
  An orc priest (Orc:1)
  A foxfire (Swamp:1)
  20 fungi
  29 plants
54 creatures vanquished.

Grand Total: 872 creatures vanquished

Notes
Turn   | Place    | Note
-------+----------+-------------------------------------------
     0 | D:1      | oldmanjim the Troll Monk began the quest for the Orb.
     0 | D:1      | Reached XP level 1. HP: 22/22 MP: 0/0
   438 | D:1      | Found a faded altar of an unknown god.
   448 | D:1      | Reached XP level 2. HP: 28/29 MP: 1/1
   771 | D:2      | Reached XP level 3. HP: 36/36 MP: 2/2
  1104 | D:2      | Reached skill level 4 in Unarmed Combat
  1104 | D:2      | Reached XP level 4. HP: 20/45 MP: 3/3
  1229 | D:2      | Found a runed translucent door.
  1230 | D:2      | Noticed Crazy Yiuf
  1511 | D:3      | Reached XP level 5. HP: 53/53 MP: 4/4
  1564 | D:3      | Reached skill level 5 in Unarmed Combat
  1575 | D:3      | Noticed Robin
  1598 | D:3      | Killed Robin
  1734 | D:3      | Found Ruonigie's Magic Scroll Emporium.
  1743 | D:3      | Bought a scroll of magic mapping for 45 gold pieces
  1807 | D:3      | Noticed Grinder
  1818 | D:3      | Paralysed by Grinder for 7 turns
  1833 | D:3      | Paralysed by Grinder for 3 turns
  1838 | D:3      | Killed Grinder
  1839 | D:3      | Reached XP level 6. HP: 35/62 MP: 5/5
  1868 | D:3      | Noticed Terence
  1874 | D:3      | Killed Terence
  2170 | D:4      | Found an iron altar of Okawaru.
  2173 | D:4      | Reached XP level 7. HP: 70/70 MP: 6/6
  2594 | D:5      | Entered Level 5 of the Dungeon
  2617 | D:5      | Reached skill level 6 in Unarmed Combat
  2621 | D:5      | Noticed Dowan
  2626 | D:5      | Killed Dowan
  2626 | D:5      | Noticed Duvessa
  2646 | D:5      | Killed Duvessa
  2647 | D:5      | Reached skill level 5 in Fighting
  2647 | D:5      | Reached skill level 7 in Unarmed Combat
  2650 | D:5      | Reached XP level 8. HP: 67/80 MP: 7/7
  2693 | D:5      | Found a bloodstained altar of Trog.
  2696 | D:5      | Found a shimmering altar of Xom.
  2711 | D:5      | Found a basalt altar of Yredelemnul.
  2736 | D:5      | Reached skill level 8 in Unarmed Combat
  2765 | D:5      | Noticed Sigmund
  2773 | D:5      | Killed Sigmund
  2774 | D:5      | Reached skill level 9 in Unarmed Combat
  2790 | D:5      | Found a staircase to the Ecumenical Temple.
  2799 | Temple   | Entered the Ecumenical Temple
  3015 | D:4      | Became a worshipper of Warmaster Okawaru
  3015 | D:4      | Reached * piety under Okawaru
  3015 | D:4      | Reached ** piety under Okawaru
  3193 | D:5      | Reached skill level 1 in Invocations
  3336 | D:5      | Reached skill level 10 in Unarmed Combat
  3499 | D:6      | Noticed Pikel
  3556 | D:6      | Killed Pikel
  3557 | D:6      | Reached skill level 11 in Unarmed Combat
  3557 | D:6      | Reached XP level 9. HP: 70/88 MP: 8/10
  3608 | D:6      | Reached *** piety under Okawaru
  3851 | D:6      | Reached skill level 12 in Unarmed Combat
  3851 | D:6      | Reached skill level 5 in Invocations
  3854 | D:6      | Noticed Menkaure
  3866 | D:6      | Killed Menkaure
  4405 | D:6      | Reached **** piety under Okawaru
  4826 | D:7      | Found a white marble altar of Elyvilon.
  5043 | D:7      | Reached skill level 5 in Dodging
  5121 | D:7      | Noticed a cyclops
  5138 | D:7      | Killed a cyclops
  5139 | D:7      | Reached skill level 13 in Unarmed Combat
  5139 | D:7      | Reached XP level 10. HP: 95/96 MP: 13/13
  5274 | D:7      | Found an ancient bone altar of Kikubaaqudgha.
  5489 | D:7      | Learned a level 4 spell: Olgreb's Toxic Radiance
  5539 | D:8      | Reached ***** piety under Okawaru
  5645 | D:8      | Reached skill level 1 in Poison Magic
  5673 | D:8      | Found a staircase to the Lair.
  5764 | D:8      | Noticed a cyclops
  5805 | D:8      | Killed a cyclops
  6025 | Lair:1   | Entered Level 1 of the Lair of Beasts
  6054 | D:9      | Received a gift from Okawaru
  6067 | D:8      | Reached skill level 1 in Throwing
  6450 | D:9      | Reached XP level 11. HP: 94/105 MP: 15/15
  6831 | D:10     | Entered Level 10 of the Dungeon
  7312 | D:10     | Noticed Erica
  7340 | D:10     | Killed Erica
  7340 | D:10     | Identified the +2 kite shield "Irphecai" {Str+2} (Okawaru
                  | gifted it to you on level 10 of the Dungeon)
  7340 | D:10     | Received a gift from Okawaru
  8145 | D:11     | Reached skill level 1 in Shields
  8213 | D:11     | Noticed a two-headed ogre
  8216 | D:11     | Killed a two-headed ogre
  8217 | D:11     | Reached skill level 14 in Unarmed Combat
  8405 | D:11     | Noticed Urug
  8412 | D:11     | Killed Urug
  8463 | D:11     | Noticed a wizard
  8467 | D:11     | Killed a wizard
  8480 | D:11     | Noticed a large abomination
  8480 | D:11     | Noticed a large abomination
  8529 | D:11     | Killed a large abomination
  8597 | D:11     | Killed a large abomination
  8940 | D:11     | Identified the +3 ice dragon scales of the Big Bang {rF-
                  | rC++ Will+}
  9396 | Lair:1   | Received a gift from Okawaru
  9398 | Lair:1   | Reached XP level 12. HP: 108/118 MP: 16/16
  9547 | Lair:1   | Noticed a seven-headed hydra
  9602 | Lair:1   | Killed a seven-headed hydra
  9603 | Lair:1   | Reached skill level 5 in Shields
  9678 | Lair:1   | Found a large runed translucent door.
  9678 | Lair:1   | Found a large runed translucent door.
  9680 | Lair:1   | Noticed aster's ghost (novice HOFi)
  9694 | Lair:1   | Killed aster's ghost
  9748 | Lair:1   | Got the Compendium of the Chickpea
 10063 | Lair:1   | Reached skill level 15 in Unarmed Combat
 10542 | Lair:2   | Noticed a six-headed hydra
 10560 | Lair:1   | Killed a six-headed hydra
 10560 | Lair:1   | Reached ****** piety under Okawaru
 10684 | Lair:2   | Found a staircase to the Swamp.
 10796 | Lair:2   | Noticed a seven-headed hydra
 10825 | Lair:2   | Received a gift from Okawaru
 10840 | Lair:2   | Killed a seven-headed hydra
 11341 | Lair:2   | Noticed a five-headed hydra
 11368 | Lair:1   | Killed a five-headed hydra
 11369 | Lair:1   | Reached skill level 1 in Evocations
 11627 | Lair:3   | Noticed a six-headed hydra
 11634 | Lair:3   | Killed a six-headed hydra
 11635 | Lair:3   | Reached XP level 13. HP: 124/124 MP: 17/17
 11653 | Lair:3   | Received a gift from Okawaru
 11754 | Lair:3   | Reached skill level 5 in Poison Magic
 11754 | Lair:3   | Received a gift from Okawaru
 11763 | Lair:3   | Got the Grimoire of Igneous Displacement
 12958 | Lair:4   | Received a gift from Okawaru
 12959 | Lair:4   | Reached skill level 16 in Unarmed Combat
 13058 | Lair:4   | Found a staircase to the Snake Pit.
 13836 | Lair:5   | Found a staircase to the Slime Pits.
 13861 | Lair:5   | Reached XP level 14. HP: 121/136 MP: 18/18
 13996 | Lair:5   | Reached skill level 17 in Unarmed Combat
 14396 | Lair:6   | Entered Level 6 of the Lair of Beasts
 14402 | Lair:6   | Found a snail-covered altar of Cheibriados.
 14424 | Lair:6   | Reached skill level 1 in Armour
 14572 | Lair:6   | Identified the +2 robe of Husasuots {rCorr SInv} (Okawaru
                  | gifted it to you on level 6 of the Lair of Beasts)
 14572 | Lair:6   | Received a gift from Okawaru
 14956 | Lair:6   | Reached skill level 5 in Throwing
 15812 | Lair:6   | Found a corrupted altar of Lugonu.
 15812 | Lair:6   | Found a one-way gate to the infinite horrors of the Abyss.
 16536 | D:12     | Found a staircase to the Orcish Mines.
 16573 | D:12     | Found a sparkling altar of Nemelex Xobeh.
 16594 | D:12     | Noticed Sonja
 16603 | D:12     | Killed Sonja
 16734 | D:12     | Received a gift from Okawaru
 17029 | D:13     | Found a gate leading to a gauntlet.
 17040 | Gauntlet | Entered a Gauntlet
 17040 | Gauntlet | Found a transporter.
 17040 | Gauntlet | Found a transporter.
 17041 | Gauntlet | Found a transporter.
 17044 | Gauntlet | Found a transporter.
 17054 | Gauntlet | Found a transporter.
 17059 | Gauntlet | Found a transporter.
 17067 | Gauntlet | Found a transporter.
 17075 | Gauntlet | Found a transporter.
 17093 | Gauntlet | Found a transporter.
 17097 | Gauntlet | Found a large runed translucent door.
 17098 | Gauntlet | Found a large runed translucent door.
 17099 | Gauntlet | Found a large runed translucent door.
 17099 | Gauntlet | Found a large runed translucent door.
 17100 | Gauntlet | Found a runed translucent gate.
 17101 | Gauntlet | Found a transporter.
 17101 | Gauntlet | Found a runed translucent gate.
 17102 | Gauntlet | Found a runed translucent gate.
 17103 | Gauntlet | Found a large runed translucent door.
 17103 | Gauntlet | Found a large runed translucent door.
 17104 | Gauntlet | Found a large runed translucent door.
 17105 | Gauntlet | Found a large runed translucent door.
 17114 | Gauntlet | Found a large runed translucent door.
 17114 | Gauntlet | Found a large runed translucent door.
 17114 | Gauntlet | Found a runed translucent door.
 17114 | Gauntlet | Found a runed translucent door.
 17115 | Gauntlet | Found a large runed translucent door.
 17116 | Gauntlet | Found a large runed translucent door.
 17118 | Gauntlet | Found a transporter.
 17197 | Gauntlet | Found a transporter.
 17208 | Gauntlet | Found a large runed translucent door.
 17209 | Gauntlet | Found a large runed translucent door.
 17210 | Gauntlet | Found a large runed translucent door.
 17210 | Gauntlet | Found a large runed translucent door.
 17507 | Gauntlet | Identified the ring "Wacawko" {rPois Str+7 SInv}
 17543 | Gauntlet | Identified the ring "Niucaiqe" {rC+ rCorr MP-9 Stlth+}
 17579 | Gauntlet | Received a gift from Okawaru
 17643 | Gauntlet | Identified a scroll of acquirement
 17655 | D:13     | Acquired +0 gold dragon scales
 17658 | D:13     | Found a gate to the Vaults.
 17709 | D:13     | Reached XP level 15. HP: 85/143 MP: 20/20
 17733 | D:13     | Reached skill level 5 in Armour
 17987 | D:13     | Noticed Rupert
 18005 | D:13     | Killed Rupert
 18561 | D:13     | Reached skill level 10 in Shields
 18612 | D:13     | Acquired the +2 hat "Xuoptyih" {Will+}
 18955 | D:14     | Received a gift from Okawaru
 19065 | D:14     | Identified the +2 dagger of Jifrurao {vorpal, Str+3}
 19071 | D:14     | Identified the +5 spear of Necoit {holy, Stlth+}
 19148 | D:14     | Received a gift from Okawaru
 19476 | D:14     | Received a gift from Okawaru
 19861 | D:15     | Entered Level 15 of the Dungeon
 20620 | D:15     | Found a staircase to the Depths.
 21131 | Orc:1    | Entered Level 1 of the Orcish Mines
 21268 | Orc:2    | Entered Level 2 of the Orcish Mines
 21418 | Orc:2    | Noticed an orc warlord
 21450 | Orc:1    | Killed an orc warlord
 21451 | Orc:1    | Reached XP level 16. HP: 152/152 MP: 22/22
 21788 | Orc:2    | Found Feottoim's Distillery.
 21958 | Orc:2    | Received a gift from Okawaru
 22225 | Orc:2    | Found Wyosen's Book Emporium.
 22227 | Orc:2    | Found Guenuvif's Magic Scroll Shop.
 22242 | Orc:2    | Bought a potion of heal wounds for 50 gold pieces
 22257 | Orc:2    | Found a staircase to the Elven Halls.
 22265 | Orc:2    | Found Hocukkeuro's Weapon Emporium.
 22276 | Orc:2    | Bought a scroll of teleportation for 42 gold pieces
 22276 | Orc:2    | Bought a scroll of teleportation for 42 gold pieces
 22276 | Orc:2    | Bought a scroll of teleportation for 42 gold pieces
 22276 | Orc:2    | Bought 3 scrolls of fog for 84 gold pieces
 22704 | Orc:1    | Noticed Harold
 22713 | Orc:1    | Killed Harold
 22739 | Orc:1    | Noticed Jorgrun
 22745 | Orc:1    | Found Woduczat's Assorted Antiques.
 22756 | Orc:1    | Killed Jorgrun
 22756 | Orc:1    | Received a gift from Okawaru
 22878 | Orc:1    | Bought a wand of acid (11) for 200 gold pieces
 22878 | Orc:1    | Bought a scroll of magic mapping for 87 gold pieces
 23093 | Swamp:1  | Entered Level 1 of the Swamp
 23301 | Swamp:1  | Identified the -6 cloak "Qanief" {rF+} (Okawaru gifted it
                  | to you on level 1 of the Swamp)
 23301 | Swamp:1  | Received a gift from Okawaru
 24031 | Swamp:2  | Reached skill level 10 in Fighting
 24380 | Swamp:2  | Reached skill level 10 in Invocations
 24945 | Swamp:3  | Noticed Nikola
 25078 | Swamp:3  | Killed Nikola
 25265 | Swamp:3  | Reached XP level 17. HP: 163/166 MP: 23/23
 25385 | Swamp:3  | Noticed Louise
 25397 | Swamp:3  | Killed Louise
 25397 | Swamp:3  | Received a gift from Okawaru
 25397 | Swamp:3  | Found the +4 skin of Zhor {*Englaciate rC+++ SInv}
 25729 | Swamp:4  | Entered Level 4 of the Swamp
 25909 | Swamp:4  | HP: 7/166 [eight-headed hydra[a spriggan druid] (2)]
 25909 | Swamp:4  | Mangled by an eight-headed hydra

Illustrated notes

Levels and vault maps discovered:
D:1:      dpeg_arrival_renting, layout_loops_ring,
          shapermc_ecumenical_altar_notcrosses
D:2:      cheibrodos_pilgrimage, layout_basic, kennysheep_pointless_box,
          minmay_tetromino_t2, uniq_crazy_yiuf_cottage
D:3:      layout_basic, serial_shops, nicolae_shop_statue_plus, uniq_terence,
          uniq_robin, uniq_grinder
D:4:      layout_rooms, mainiacjoe_overflow_alcove_2, minmay_manual_mess
D:5:      black_bear_nest_1, layout_rooms,
          chequers_temple_overflow_statue_of_worship, lemuel_round_altar,
          minmay_temple_entry_stoned_glass, chequers_hall_statues_corner_a,
          minmay_misc_feat_secret_circle, uniq_duvessa, uniq_sigmund
D:6:      minmay_general_purpose_star, layout_layer_cave, minivault_26,
          uniq_pikel, uniq_menkaure
D:7:      layout_basic, kiku_gazebo_garden_becter,
          mainiacjoe_overflow_concentric_impassable, st_stairs_11
D:8:      layout_rooms, dpeg_oklobed_lair
D:9:      layout_big_octagon
D:10:     layout_stronghold, minmay_misc_feat_nine_boxes, minmay_misc_feat_five,
          palyth_stone_intersect, blue_anna_alchemist, uniq_erica
D:11:     layout_long_grid, laboratory, uniq_urug
D:12:     layout_roguey, orc_0_dummy, nemelex_lonely_heart_becter, uniq_sonja
D:13:     layout_basic, erik_vaults_2, gauntlet_entry_generic, uniq_rupert
D:14:     layout_roguey, serial_rivers, chequers_serial_rivers_micro_a,
          chequers_serial_rivers_micro_d, chequers_serial_rivers_small_a,
          chequers_serial_rivers_micro_a, minmay_hollow_rounded_squares
D:15:     hangedman_depths_entry_civil_slaughter, layout_stronghold,
          serial_park_tiny_2, minmay_tree_intersection, skrybe_limestone_x
Temple:   regret_index_temple_sphere_string
Lair:1:   layout_small_grid, ebering_ghost_disaster_area,
          infiniplex_staircase_pool_2
Lair:2:   nzn_winding_woodlands_cross [nzn_winding_woodlands_5x15_twine,
          nzn_winding_woodlands_5x15_garden, nzn_winding_woodlands_5x15_jagged,
          nzn_winding_woodlands_5x15_river_crossing,
          nzn_winding_woodlands_15x15_killbox], layout_cave_shapes,
          skrybe_swamp_entry_bodies, serial_bayou_pond_e,
          minmay_lair_oklob_chamber
Lair:3:   layout_cave_pods, forest_entry_grove, lemuel_fruit_tree
Lair:4:   layout_cave_shapes, minmay_snake_entry_six_corridors
Lair:5:   layout_regular_city, minmay_slime_entry_eyes
Lair:6:   hellmonk_lair_end_abyssal_woods, layout_regular_city, basic_altar
Swamp:1:  layout_basic_swamp, nicolae_swamp_oxbows, swamp_pool4
Swamp:2:  layout_falls_marsh, evilmike_swamp_ruin_house_3,
          infiniplex_staircase_pool
Swamp:3:  layout_basic_swamp, nicolae_swamp_triple_paths, uniq_louise,
          uniq_nikola
Swamp:4:  swamp_old_school, layout_basic_swamp
Orc:1:    layout_diamond_mine, basic_altar, serial_shops, shop_fountains,
          uniq_harold, uniq_jorgrun
Orc:2:    st_orc_open, layout_diamond_mine, basic_altar

Skill      XL: |  1  2  3  4  5  6  7  8  9 10 11 12 13 14 15 16 |
---------------+-------------------------------------------------+-----
Dodging        | 3 4 5 |  5.0
Fighting       | 3 4 5 6 7 8 10 | 10.0
Unarmed Combat | 4 5 7 11 13 14 15 16 17 | 17.0
Stealth        | 2 |  2.0
Invocations    | 3 6 7 9 10 | 10.0
Poison Magic   | 3 4 5 6 7 |  7.0
Throwing       | 2 4 6 |  6.0
Shields        | 4 9 12 14 | 14.7
Evocations     | 2 3 |  3.0
Armour         | 4 5 |  5.0

Action                   |  1- 3 |  4- 6 |  7- 9 | 10-12 | 13-15 | 16-18 || total
-------------------------+-------+-------+-------+-------+-------+-------++-------
Melee: Unarmed           |    61 |   116 |   232 |   472 |  1135 |   570 ||  2586
       Punch             |     1 |     2 |    10 |    17 |       |       ||    30
 Fire: Hand crossbow     |       |       |       |    81 |   264 |   203 ||   548
Throw: Dart              |     2 |       |       |    23 |     5 |       ||    30
       Stone             |       |       |       |     6 |       |       ||     6
       Large rock        |       |       |       |    16 |     1 |     1 ||    18
       Javelin           |       |       |       |       |    20 |       ||    20
Invok: Heroism           |       |       |       |       |     1 |       ||     1
       Finesse           |       |       |       |       |     1 |       ||     1
Evoke: Wand              |       |       |       |       |       |     4 ||     4
  Use: Scroll            |     3 |     2 |     8 |     7 |    19 |     4 ||    43
       Potion            |       |       |       |       |     1 |     1 ||     2
 Stab: Sleeping          |     1 |     2 |     5 |     1 |       |       ||     9
       Invisible         |       |       |       |       |     1 |       ||     1
Armor: Robe              |    13 |    38 |    95 |    78 |       |       ||   224
       Skin              |       |     2 |       |       |       |       ||     2
       Acid dragon scale |       |       |       |    31 |       |       ||    31
       Ice dragon scales |       |       |       |   156 |   446 |   300 ||   902
Dodge: Dodged            |    19 |    63 |   105 |   224 |   252 |   145 ||   808
Block: Kite shield       |       |       |       |   203 |   441 |       ||   644
       Tower shield      |       |       |       |       |   457 |   774 ||  1231
